 Dungeon Crawl Stone Soup version 0.26.0-15-gc6cd9f700b (webtiles) character file.

Game seed: 3149968710712901529

1561 FreshCat the Zephyrmancer (level 8, 0/42 HPs)
             Began as a Tengu Air Elementalist on Jan 16, 2021.
             Was an Initiate of Vehumet.
             Slain by Duvessa
             ... wielding a +0 rapier
              (16 damage)
             ... on level 7 of the Dungeon.
             The game lasted 00:50:52 (9654 turns).

FreshCat the Zephyrmancer (Tengu Air Elementalist)  Turns: 9654, Time: 00:50:52

Health: 0/42       AC:  4    Str: 10    XL:     8   Next: 89%
Magic:  12/18      EV: 16    Int: 15    God:    Vehumet [......]
Gold:   322        SH:  0    Dex: 16    Spells: 9/19 levels left

rFire    + . .     SeeInvis +   E - staff of poison
rCold    x . .     Faith    .   (no shield)
rNeg     . . .     Spirit   .   a - +1 robe
rPois    +         Reflect  .   (helmet restricted)
rElec    .         Harm     .   (no cloak)
rCorr    .         Rampage  .   C - +0 pair of gloves
Will     .....                  (boots unavailable)
Stlth    +++.......             t - amulet of the acrobat
HPRegen  0.14/turn              s - ring of fire
MPRegen  0.16/turn              w - ring of see invisible

@: flying quickly and evasively, quick
A: beak, talons 3, able to fly
a: Stop Flying, Renounce Religion


You were on level 7 of the Dungeon.
You worshipped Vehumet.
Vehumet was noncommittal.
You visited 2 branches of the dungeon, and saw 9 of its levels.

You collected 322 gold pieces.

Inventory:

Hand Weapons
 B - a +5 flail
Missiles
 c - 225 stones
 q - 4 javelins
 y - a throwing net
 D - 5 silver javelins
Armour
 a - a +1 robe (worn)
 C - a +0 pair of gloves (worn)
Magical Staves
 E - an uncursed staff of poison (weapon)
Jewellery
 s - a ring of fire (left hand)
 t - an amulet of the acrobat (around neck)
 w - a ring of see invisible (right hand)
 G - an uncursed ring of poison resistance
Wands
 o - a wand of disintegration (14)
 x - a wand of random effects (22)
Scrolls
 d - 6 scrolls of remove curse
 e - 3 scrolls of identify
 g - a scroll of noise {unknown}
 h - 3 scrolls of fog
 l - 3 scrolls of magic mapping
 m - a scroll of random uselessness {unknown}
 p - 3 scrolls of enchant armour
 v - a scroll of amnesia
 z - a scroll of blinking {unknown}
 A - 3 scrolls of enchant weapon
Potions
 b - a potion of flight
 f - a potion of might
 i - 3 potions of attraction
 j - a potion of lignification
 k - 2 potions of heal wounds
 n - a potion of haste
 r - a potion of curing
 u - a potion of brilliance {unknown}
 F - a potion of invisibility {unknown}


   Skills:
 + Level 0.8 Fighting
 + Level 0.5 Staves
 + Level 3.1 Dodging
 + Level 4.0 Stealth
 + Level 6.3 Spellcasting
 + Level 6.3 Conjurations
 + Level 8.5 Air Magic


You had 9 spell levels left.
You knew the following spells:

 Your Spells              Type           Power        Failure   Level
a - Shock                 Conj/Air       100%         1%          1
b - Swiftness             Air            30%          1%          2
c - Static Discharge      Conj/Air       27%          1%          3
d - Airstrike             Air            15%          4%          4

Your spell library contained the following spells:

 Spells                   Type           Power        Failure   Level
 Lightning Bolt           Conj/Air       13%          19%         5


Dungeon Overview and Level Annotations

Branches:
Dungeon (8/15)             Temple (1/1) D:6
   Lair: D:8-11

Altars:
Ashenzari
Cheibriados
Elyvilon
Fedhas
Gozag
Makhleb
Qazlal
Ru
Sif Muna
Trog
Uskayaw
Vehumet
Wu Jian
Xom
Yredelemnul
The Shining One

Annotations:
D:3 exclusion: upstairs
D:4 1 runed translucent door, Descartes's ghost, amateur DEAE
D:5 Sigmund
D:6 Grinder
D:7 2 transporters, Dowan; Duvessa; Tagedieb's ghost, novice OpEn


Innate Abilities, Weirdness & Mutations

You have a beak for a mouth.
You have claws for feet.
You can fly continuously.


Message History

The puff of flame hits you. You resist.
Duvessa shouts!
You hit Dowan but do no damage.
Dowan is heavily wounded.
Dowan barely misses you. Dowan hits you with a +0 dagger.
You closely miss Dowan. You claw Dowan.
Dowan is severely wounded.
Dowan points at you and mumbles some strange words.
The puff of frost hits you!
You feel a terrible chill!
You barely miss Dowan. Your kick misses Dowan. You peck Dowan.
Dowan is almost dead.
Dowan says, "Magic and the sword, together, will defeat you."
You miss Dowan.
Dowan is almost dead.
Dowan hits you with a +0 dagger. Duvessa hits you with a +0 rapier.
Dowan points at you and mumbles some strange words.
The puff of flame hits you. You resist.
Duvessa says, "Where magic fails, the sword succeeds!"
Duvessa hits you with a +0 rapier!
You die...

...).#.....#.....................
+###.##.##.#.....................
..##'##.##.############.....#'###
.............#........+.....#
^............+....e...#.....#
.............#..e.....#...>.#
####...###..## ###'#.....###
#...###..#######...#.......#
#...#........@e....#.......+
#...#........e#....#.......#
+...#.........#....#.......#
#...#.........#....'.......#
#...################.......#
#...# #.............###
#.............# #......>......#
#........>....+


You could see Duvessa and Dowan.

Vanquished Creatures
  A sky beast (D:6)
  2 ice beasts
  A phantom (D:5)
  An ogre (D:5)
  A centaur (D:5)
  A big kobold (D:3)
  2 bullfrogs
  A wyvern skeleton (D:6)
  3 scorpions
  A jelly (D:4)
  A gnoll shaman (D:6)
  2 hounds
  4 orc wizards
  Terence (D:3)
  A worker ant (D:4)
  6 adders
  12 gnolls
  A howler monkey skeleton (D:5)
  A shadow imp (D:6)
  2 oozes
  2 adder zombies
  2 adder skeletons
  2 worms
  2 dart slugs
  5 leopard geckos
  14 orcs
  7 giant cockroaches
  9 goblins
  10 hobgoblins
  3 jackals (D:4)
  18 kobolds
  6 quokkas
  2 ball pythons
  6 bats
  A frilled lizard (D:4)
  A jackal skeleton (D:5)
  A leopard gecko skeleton (D:4)
  7 rats
143 creatures vanquished.

Vanquished Creatures (others)
  41 plants (D:2)
41 creatures vanquished.

Grand Total: 184 creatures vanquished

Notes
Turn   | Place    | Note
-------+----------+-------------------------------------------
     0 | D:1      | FreshCat the Tengu Air Elementalist began the quest for the
                  | Orb.
     0 | D:1      | Reached XP level 1. HP: 10/10 MP: 4/4
   159 | D:1      | Reached XP level 2. HP: 15/15 MP: 3/6
   521 | D:1      | Learned a level 2 spell: Swiftness
   549 | D:1      | Reached XP level 3. HP: 19/19 MP: 1/7
  1402 | D:3      | Reached skill level 5 in Air Magic
  1662 | D:2      | Reached XP level 4. HP: 15/24 MP: 6/8
  1969 | D:2      | Found a faded altar of an unknown god.
  2813 | D:3      | Noticed Terence
  2934 | D:3      | Gained mutation: You can fly continuously. [Tengu growth]
  2934 | D:3      | Reached XP level 5. HP: 28/28 MP: 4/10
  3341 | D:3      | Noticed a big kobold
  3368 | D:3      | Found a bloodstained altar of Trog.
  3419 | D:3      | Reached skill level 6 in Air Magic
  3648 | D:3      | Learned a level 3 spell: Static Discharge
  3653 | D:3      | Learned a level 4 spell: Airstrike
  3736 | D:3      | Killed Terence
  3922 | D:3      | Reached XP level 6. HP: 32/32 MP: 6/11
  4415 | D:4      | Found a runed translucent door.
  4415 | D:4      | Noticed Descartes's ghost (amateur DEAE)
  4487 | D:5      | Entered Level 5 of the Dungeon
  4502 | D:4      | Found a blossoming altar of Fedhas.
  4772 | D:5      | Noticed a phantom
  4784 | D:5      | Noticed an ice beast
  4819 | D:5      | Reached XP level 7. HP: 17/36 MP: 4/14
  4995 | D:5      | Noticed Sigmund
  6004 | D:4      | Found a stormy altar of Qazlal.
  6349 | D:5      | Reached skill level 5 in Spellcasting
  6349 | D:5      | Reached skill level 7 in Air Magic
  6766 | D:5      | Found a snail-covered altar of Cheibriados.
  6868 | D:5      | Reached XP level 8. HP: 40/41 MP: 7/17
  7610 | D:6      | Reached skill level 5 in Conjurations
  7751 | D:6      | Noticed Grinder
  7912 | D:6      | Found a shimmering altar of Xom.
  8009 | D:6      | Found a staircase to the Ecumenical Temple.
  8016 | Temple   | Entered the Ecumenical Temple
  8089 | Temple   | Became a worshipper of Vehumet
  8206 | D:6      | Found a white marble altar of Elyvilon.
  8394 | D:6      | Reached skill level 8 in Air Magic
  9448 | D:8      | Noticed a hornet
  9462 | D:8      | Found a glowing golden altar of the Shining One.
  9525 | D:7      | Found a transporter.
  9527 | D:7      | Found a transporter.
  9530 | D:7      | Noticed Tagedieb's ghost (novice OpEn)
  9584 | D:7      | Noticed a hornet
  9639 | D:7      | Noticed Dowan
  9640 | D:7      | Noticed Duvessa
  9654 | D:7      | Slain by Duvessa

Illustrated notes

Levels and vault maps discovered:
D:1:      nicolae_arrival_memento_mori, layout_loops_ring
D:2:      wad_woods_tower, layout_loops_corners,
          chequers_ecumenical_altar_island
D:3:      cheibrodos_thug_alley, layout_basic, trog_hazing_becter, uniq_terence
D:4:      kennysheep_spiral_hall, layout_basic, nicolae_overflow_hidden_temple,
          general_overflow_altar, hellmonk_ghost_happy_afterlife
D:5:      layout_loops_ring, cheibriados_altar_1, serial_park_tiny_pond,
          hangedman_abyss_or_decor_slice, uniq_sigmund
D:6:      layout_gridville, xom_teletrap_fun, nicolae_overflow_crystal_walls,
          minmay_temple_entry_overgrown, serial_rivers,
          chequers_serial_rivers_micro_a, chequers_serial_rivers_micro_b,
          chequers_serial_rivers_micro_c, chequers_serial_rivers_large_b,
          chequers_serial_rivers_room_b, chequers_serial_rivers_micro_b,
          uniq_grinder
D:7:      layout_gridville, riverfiend_overflow_shadow_ancestor,
          gammafunk_ghost_hive, uniq_duvessa
D:8:      kennysheep_windowed_halls, layout_rooms, lemuel_crystal_altar,
          lair_entry_dummy
Temple:   nicolae_temple_great_sept

Skill      XL: |  1  2  3  4  5  6  7  8 |
---------------+-------------------------+-----
Conjurations   | 2 3 4 6 |  6.3
Air Magic      | 5 6 7 8 |  8.5
Spellcasting   | 3 4 5 6 |  6.3
Stealth        | 3 4 |  4.0
Dodging        | 3 |  3.1
Fighting       | |  0.8
Staves         | |  0.5

Action                   |  1- 3 |  4- 6 |  7- 9 || total
-------------------------+-------+-------+-------++-------
Melee: Unarmed           |    12 |     6 |       ||    18
       Kick              |     2 |     3 |     8 ||    13
       Peck              |       |     4 |     2 ||     6
       Dagger            |       |    10 |       ||    10
       Flail             |       |     1 |    14 ||    15
       Staff             |       |       |    20 ||    20
 Cast: Shock             |    77 |   102 |   138 ||   317
       Airstrike         |       |     7 |     5 ||    12
       Static Discharge  |       |     3 |    21 ||    24
       Swiftness         |       |       |     2 ||     2
 Abil: Fly               |       |     1 |       ||     1
  Use: Potion            |     3 |       |     2 ||     5
       Scroll            |       |     9 |     6 ||    15
 Stab: Sleeping          |       |     1 |       ||     1
Armor: Skin              |    14 |     3 |     6 ||    23
       Robe              |     1 |       |     6 ||     7
Dodge: Dodged            |    12 |    12 |    43 ||    67
